 Dungeon Crawl Stone Soup version 0.31-a0-4-gefa6de2278 (webtiles) character file.

Game seed: 4222696779405879983

130 Orangeyouglad the Trooper (level 5, 0/42 HPs)
             Began as a Human Monk on May 4, 2023.
             Slain by Terence
             ... wielding a +0 flail
              (1 damage)
             ... on level 3 of the Dungeon.
             The game lasted 00:04:21 (1761 turns).

Orangeyouglad the Trooper (Human Monk)              Turns: 1761, Time: 00:04:21

Health: 0/42       AC:  3    Str: 11    XL:     5   Next: 36%
Magic:  5/5        EV: 13    Int: 13    God:
Gold:   53         SH:  0    Dex: 15    Spells: 4/4 levels left

rFire   . . .        a - +0 falchion
rCold   . . .        d - orb {light}
rNeg    . . .        b - +0 robe
rPois   .            (no helmet)
rElec   .            (no cloak)
rCorr   .            (no gloves)
SInv    .            j - +0 pair of boots
Will    .....        (no amulet)
Stlth   +            (no ring)
HPRegen 0.27/turn    (no ring)
MPRegen 0.09/turn

%: no passive effects
@: glowing
A: no striking features
a: no special abilities


You were on level 3 of the Dungeon.
You visited 1 branch of the dungeon, and saw 3 of its levels.

You collected 53 gold pieces.

Inventory:

Hand Weapons
 a - a +0 falchion (weapon)
Missiles
 l - 2 boomerangs (quivered)
Armour
 b - a +0 robe (worn)
 d - an orb of light (worn)
 g - a +0 leather armour
 j - a +0 pair of boots (worn)
 m - a +0 buckler
Scrolls
 e - 2 scrolls of poison {unknown}
 f - 2 scrolls of identify {unknown}
 i - a scroll of magic mapping {unknown}
 o - a scroll of teleportation {unknown}
 p - a scroll of fog {unknown}
 q - a scroll of enchant armour {unknown}
 r - a scroll of fear {unknown}
Potions
 c - a potion of ambrosia
 h - a potion of curing {unknown}
 k - a potion of degeneration {unknown}
 n - a potion of magic {unknown}


   Skills:
 + Level 4.1 Fighting
 + Level 4.0 Long Blades
 + Level 4.0 Dodging


You had 4 spell levels left.
You didn't know any spells.
Your spell library contained the following spells:

 Spells                   Type           Power      Damage    Failure   Level
 Magic Dart               Conj           0%         1d3       30%         1
 Searing Ray              Conj           0%         2d4       43%         2
 Fulminant Prism          Conj/Hex       0%         3d5       97%         4


Dungeon Overview and Level Annotations

Branches:
Dungeon (3/15)

Altars:

Annotations:
D:3 Terence


Message History

Terence hits you with a +0 flail!
You hit Terence but do no damage.
Terence is moderately wounded.
Terence barely misses you.
You hit Terence.
Terence is heavily wounded.
Terence hits you with a +0 flail. x2
You hit Terence.
Terence is severely wounded.
Terence misses you.
You hit Terence.
Terence is severely wounded.
Terence completely misses you.
You hit Terence.
Terence is severely wounded.
Terence closely misses you.
You hit Terence.
Terence is severely wounded.
Terence hits you with a +0 flail.
You hit Terence.
Terence is almost dead.
Terence misses you.
You hit Terence but do no damage.
Terence is almost dead.
Terence barely misses you.
You hit Terence but do no damage.
Terence is almost dead.
Terence hits you with a +0 flail!
You hit Terence.
Terence is almost dead.
Terence hits you with a +0 flail!
* * * LOW HITPOINT WARNING * * *
You hit Terence but do no damage.
Terence is almost dead.
Terence hits you with a +0 flail!
* * * LOW HITPOINT WARNING * * *
You hit Terence but do no damage.
Terence is almost dead.
Terence hits you with a +0 flail.
You die...

## #..###+ #+##
#.##..# .....
#.##..#......
#..'.@@## #
#.##..#.+ #
#.##..#.# #
#..'##+.# #
#.##..#.# #
#..#..#.+ #
#..'..'###+###+
########
#.##..#.......#
........
....#..#.......#


You could see Terence.

Vanquished Creatures
  An orc priest (D:2)
  Jessica (D:2)
  An adder (D:2)
  3 worms (D:2)
  3 orcs (D:2)
  6 ball pythons
  6 bats
  5 endoplasms
  A giant cockroach (D:1)
  6 goblins
  4 hobgoblins
  3 jackals (D:2)
  3 quokkas
  A frilled lizard (D:2)
  2 kobolds
  5 rats
51 creatures vanquished.

Notes
Turn   | Place    | Note
-------+----------+-------------------------------------------
     0 | D:1      | Orangeyouglad the Human Monk began the quest for the Orb.
     0 | D:1      | Reached XP level 1. HP: 18/18 MP: 1/1
    46 | D:1      | Reached XP level 2. HP: 18/24 MP: 2/2
   353 | D:1      | Reached XP level 3. HP: 29/29 MP: 3/3
   370 | D:1      | Found a faded altar of an unknown god.
   803 | D:2      | Noticed Jessica
   814 | D:2      | Killed Jessica
   815 | D:2      | Reached XP level 4. HP: 23/37 MP: 4/4
  1379 | D:2      | Reached XP level 5. HP: 33/42 MP: 5/5
  1742 | D:3      | Noticed Terence
  1760 | D:3      | HP: 1/42 [Terence/+0 flail (9)]
  1761 | D:3      | Slain by Terence

Illustrated notes

Levels and vault maps discovered:
D:1:      elethiomel_arrival_quiet, layout_rooms,
          chequers_ecumenical_altar_island, kennysheep_nondescript
D:2:      layout_loops_ring, reono_crystal_passage, uniq_jessica
D:3:      layout_rooms, mainiacjoe_overflow_24_doors, serial_shops, shop,
          nicolae_shop_peninsula, uniq_terence

Skill      XL: |  1  2  3  4 |
---------------+-------------+-----
Fighting       | 4 |  4.1
Long Blades    | 4 |  4.0
Dodging        | 4 |  4.0

Action                     |  1- 3 |  4- 6 || total
---------------------------+-------+-------++-------
  Melee: Falchion          |    60 |    59 ||   119
  Throw: Boomerang         |     4 |    26 ||    30
   Stab: Distracted        |       |     1 ||     1
 Armour: Robe              |    12 |     5 ||    17
  Dodge: Dodged            |    38 |    28 ||    66

Table legend: (Time is in decaauts)
 A = Elapsed time spent in this place.
 B = Non-inter-level travel time spent in this place.
 C = Inter-level travel time spent in this place.
 D = Time resting spent in this place.
 E = Time spent auto-exploring this place.
 F = Levels seen in this place.
 G = Mean time per level.
                   A        B        C        D        E       F      G
               +--------+--------+--------+--------+--------+-----+--------+
         Total |   1791 |   1661 |    130 |    154 |    799 |   3 |  597.0 |
       Dungeon |   1791 |   1661 |    130 |    154 |    799 |   3 |  597.0 |
               +--------+--------+--------+--------+--------+-----+--------+

Top non-repeatable levels by time:
     D:2: 954 daAuts
     D:1: 638 daAuts
     D:3: 199 daAuts
